 Dungeon Crawl Stone Soup version 0.32-a0-468-g38b2580584 (webtiles) character file.

Game seed: 14890405857335317506

168 Atlas the Firebug (level 5, -1/35 HPs)
             Began as a Demonspawn Fire Elementalist on Feb 24, 2024.
             Incinerated by a bombardier beetle (6 damage)
             ... with a burning spray
             ... on level 3 of the Dungeon.
             The game lasted 00:03:03 (2532 turns).

Atlas the Firebug (Demonspawn Fire Elementalist)    Turns: 2532, Time: 00:03:03

Health: -1/35      AC:  8    Str:  9    XL:     5   Next: 24%
Magic:  1/9        EV: 11    Int: 17    God:
Gold:   135        SH:  0    Dex: 13    Spells: 7/10 levels left

rFire   . . .        f - +1 demon trident (flame)
rCold   . . .        h - orb {*channel}
rNeg    . . .        n - +0 leather armour
rPois   .            u - +0 helmet
rElec   .            (no cloak)
rCorr   .            (no gloves)
SInv    .            a - +0 pair of boots
Will    .....        (no amulet)
Stlth   +            (no ring)
HPRegen 0.25/turn    (no ring)
MPRegen 0.11/turn

%: channel magic (20%)
@: on fire, very slightly contaminated, glowing
A: slimy green scales 2, demonic guardian 1, demonic touch 1
a: no special abilities


You were on level 3 of the Dungeon.
You visited 1 branch of the dungeon, and saw 3 of its levels.

You collected 135 gold pieces.

Inventory:

Hand Weapons
 f - a +1 demon trident of flaming (weapon)
Armour
 a - a +0 pair of boots (worn)
 h - an orb of energy (worn)
 n - a +0 leather armour (worn)
 u - a +0 helmet (worn)
Scrolls
 g - a scroll of immolation {unknown}
 i - a scroll of blinking {unknown}
 m - a scroll of torment {unknown}
 o - a scroll of acquirement {unknown}
 q - a scroll of identify {unknown}
 v - a scroll of amnesia {unknown}
Potions
 b - a potion of magic
 c - 2 potions of heal wounds {unknown}
 d - 2 potions of resistance {unknown}
 e - a potion of attraction {unknown}
 j - 2 potions of enlightenment {unknown}
 k - 2 potions of berserk rage {unknown}
 l - 4 potions of curing {unknown}
 p - a potion of invisibility {unknown}
 r - a potion of mutation {unknown}
 s - 2 potions of lignification {unknown}
 t - a potion of might {unknown}


   Skills:
 + Level 0.2 Fighting
 + Level 1.4 Polearms
 + Level 0.6 Armour
 + Level 1.9 Dodging
 + Level 2.1 Stealth
 + Level 3.1 Spellcasting
 + Level 1.7 Conjurations
 + Level 3.8 Fire Magic


You had 7 spell levels left.
You knew the following spells:

 Your Spells              Type           Power      Damage    Failure   Level
a - Scorch                Fire           30%        2d6       21%         2
b - Foxfire               Conj/Fire      48%        2x1d6     21%         1

Your spell library contained the following spells:

 Spells                   Type           Power      Damage    Failure   Level
 Sting                    Conj/Alch      20%        1d4       36%         1
 Inner Flame              Hex/Fire       9%         N/A       54%         3
 Volatile Blastmotes      Fire/Tloc      18%        2d11      54%         3
 Mercury Vapours          Alch/Air       4%         N/A       56%         2
 Teleport Other           Tloc           2%         N/A       77%         3
 Flame Wave               Conj/Fire      12%        2d6       78%         4
 Sticky Flame             Fire/Alch      9%         2d5       87%         4
 Olgreb's Toxic Radiance  Alch           2%         N/A       98%         4
 Summon Forest            Summ/Tloc      1%         N/A       100%        5


Dungeon Overview and Level Annotations

Branches:
Dungeon (3/15)

Altars:


Innate Abilities, Weirdness & Mutations

You are mostly covered in slimy green scales. (AC +3)
A weak demonic guardian rushes to your aid.
Your touch may inflict minor irresistible damage on your foes.


Message History

The liquid fire burns you!
The foxfire hits the bombardier beetle but does no damage.
The bombardier beetle is heavily wounded.
You are too injured to fight recklessly!
You are on fire!
You are too injured to fight recklessly!
You are too injured to fight recklessly!
The liquid fire burns you!
The foxfire hits the bombardier beetle but does no damage.
The bombardier beetle is heavily wounded.
The foxfire hits the bombardier beetle.
The bombardier beetle is severely wounded.
The foxfire hits the bombardier beetle but does no damage.
The bombardier beetle is severely wounded.
The liquid fire burns you!
The bombardier beetle sprays incendiary fluid at you.
The burning spray hits you.
You are even more covered in liquid fire!
You are too injured to fight recklessly!
You are too injured to fight recklessly!
You shake off some of the fire as you move.
The liquid fire burns you!
* * * LOW HITPOINT WARNING * * *
A demonic guardian appears!
Reach: f) +1 demon trident (flame)
Press: ? - help, Dir - move target, f - bombardier beetle
Aim: a bombardier beetle (severely wounded, ally target, about 32% to evade your +1 demon trident of flaming)
You reach to attack!
You hit the bombardier beetle. You burn the bombardier beetle.
You kill the bombardier beetle!
The liquid fire burns you!
* * * LOW HITPOINT WARNING * * *
Your Spellcasting skill increases to level 3!
You have reached level 5!
Your demonic ancestry asserts itself...
Slimy green scales spread over more of your body.
You are on fire!
You shake off some of the fire as you move.
The liquid fire burns you!
You die...

#........## #.##.
..#.#####.... ....
........#..#. ...
......)....#. ..
........#...# #.
..#.##.##..##
##.####.$.#.........#
.####.........#.#####.##.
....†.).@.............##.
###..##5##.....##.##...#.
# ##.#.##.#.##. ###.#.
##.#..#...###... #.#.
#..##.#.##.#.##.#.###.##
#...##.##.....##[##...#
#..................##
#......>.......<..†.#
#.#..#......#########.#


You could see a friendly white imp (summoned).

Vanquished Creatures
  A hound (D:2)
  2 bombardier beetles (D:3)
  2 adders (D:2)
  4 dart slugs
  An orc (D:3)
  2 endoplasms
  2 giant cockroaches
  7 goblins
  6 hobgoblins
  3 quokkas (D:2)
  6 ball pythons
  3 bats
  A frilled lizard (D:2)
  3 kobolds
  6 rats
49 creatures vanquished.

Vanquished Creatures (others)
  158 foxfires
158 creatures vanquished.

Grand Total: 207 creatures vanquished

Notes
Turn   | Place    | Note
-------+----------+-------------------------------------------
     0 | D:1      | Atlas the Demonspawn Fire Elementalist began the quest for
                  | the Orb.
     0 | D:1      | Reached XP level 1. HP: 13/13 MP: 3/3
   131 | D:1      | Got the Handbook of Transportation
   445 | D:1      | Gained mutation: A weak demonic guardian rushes to your
                  | aid. [demonic ancestry]
   445 | D:1      | Reached XP level 2. HP: 19/19 MP: 0/5
   685 | D:1      | Learned a level 2 spell: Scorch
  1276 | D:2      | Gained mutation: Your touch may inflict minor irresistible
                  | damage on your foes. [demonic ancestry]
  1276 | D:2      | Reached XP level 3. HP: 24/24 MP: 6/6
  1741 | D:2      | Reached skill level 1 in Polearms
  2228 | D:2      | Gained mutation: You are partially covered in slimy green
                  | scales. (AC +2) [demonic ancestry]
  2228 | D:2      | Reached XP level 4. HP: 24/30 MP: 3/8
  2532 | D:3      | Gained mutation: You are mostly covered in slimy green
                  | scales. (AC +3) [demonic ancestry]
  2532 | D:3      | Reached XP level 5. HP: 5/35 MP: 1/9
  2532 | D:3      | Incinerated by a bombardier beetle

Illustrated notes

Levels and vault maps discovered:
D:1:      wander_arrival_chamber, layout_rooms, minmay_misc_feat_hallway,
          nrook_mini_backslash
D:2:      layout_loops_ring
D:3:      layout_loops_cross, zin_scriptorium, minmay_ruptured

Skill      XL: |  1  2  3  4 |
---------------+-------------+-----
Stealth        | 2 |  2.1
Fire Magic     | 3 |  3.8
Polearms       | 1 |  1.4
Spellcasting   | 3 |  3.1
Fighting       | |  0.2
Armour         | |  0.6
Dodging        | |  1.9
Conjurations   | |  1.7

Action                     |  1- 3 |  4- 6 || total
---------------------------+-------+-------++-------
  Melee: Unarmed           |     5 |       ||     5
         Demon trident     |    30 |     3 ||    33
   Cast: Foxfire           |    67 |    24 ||    91
         Scorch            |    16 |       ||    16
 Armour: Robe              |     9 |       ||     9
         Leather armour    |    19 |       ||    19
  Dodge: Dodged            |    32 |     1 ||    33

Table legend: (Time is in decaauts)
 A = Elapsed time spent in this place.
 B = Non-inter-level travel time spent in this place.
 C = Inter-level travel time spent in this place.
 D = Time resting spent in this place.
 E = Time spent auto-exploring this place.
 F = Levels seen in this place.
 G = Mean time per level.
                   A        B        C        D        E       F      G
               +--------+--------+--------+--------+--------+-----+--------+
         Total |   2540 |   2494 |     46 |     65 |   2055 |   3 |  846.7 |
       Dungeon |   2540 |   2494 |     46 |     65 |   2055 |   3 |  846.7 |
               +--------+--------+--------+--------+--------+-----+--------+

Top non-repeatable levels by time:
     D:2: 1155 daAuts
     D:1: 950 daAuts
     D:3: 434 daAuts
